 Dungeon Crawl Stone Soup version 0.23.2-40-g277498a (webtiles) character file.

Game seed: 12012180801523857968

497 Fang the Skirmisher (level 7, -2/44 HPs)
             Began as a Gargoyle Berserker on Oct 22, 2019.
             Was a Priest of Trog.
             Slain by a gnoll
             ... wielding a +0 halberd
              (5 damage)
             ... on level 3 of the Dungeon.
             The game lasted 00:02:19 (3029 turns).

Fang the Skirmisher (Gargoyle Berserker)            Turns: 3029, Time: 00:02:20

Health: -2/44      AC: 14    Str: 22    XL:     7   Next: 15%
Magic:  7/7        EV:  9    Int:  8    God:    Trog [***...]
Gold:   116        SH:  0    Dex:  9    Spells: 6/6 levels left

rFire    + . .     SeeInvis .   a - +0 hand axe
rCold    + . .     Gourm    .   (no shield)
rNeg     + . .     Faith    .   b - +0 chain mail
rPois    ∞         Spirit   .   (no helmet)
rElec    +         Reflect  .   j - scarf {rC+ rF+}
rCorr    .         Harm     .   (no gloves)
MR       ++...                  (no boots)
Stlth    ..........             (no amulet)
HPRegen  1.14/turn              (no ring)
MPRegen  0.10/turn              (no ring)

@: berserk cooldown, regenerating, slowed, very slow
A: negative energy resistance 1, electricity resistance, unbreathing,
petrification resistance, rot immunity, AC +4
a: Berserk, Trog's Hand, Renounce Religion


You were on level 3 of the Dungeon.
You worshipped Trog.
Trog was most pleased with you.
You were very hungry.

You visited 1 branch of the dungeon, and saw 3 of its levels.

You collected 116 gold pieces.

Inventory:

Hand Weapons
 a - a +0 hand axe (weapon)
Armour
 b - a +0 chain mail (worn)
 j - a scarf of resistance (worn)
Jewellery
 o - an uncursed ring of fire {unknown}
Scrolls
 d - 4 scrolls of noise {unknown}
 g - a scroll of random uselessness {unknown}
 k - 3 scrolls of identify {unknown}
 l - a scroll of fog {unknown}
 n - 2 scrolls of amnesia {unknown}
 q - a scroll of enchant weapon {unknown}
 r - 2 scrolls of remove curse {unknown}
Potions
 e - a potion of flight {unknown}
 f - 2 potions of brilliance {unknown}
 h - 2 potions of heal wounds
 i - 2 potions of degeneration {unknown}
 m - a potion of might {unknown}
Comestibles
 c - 4 rations


   Skills:
 + Level 5.2 Fighting
 + Level 4.2 Axes
 + Level 4.4 Armour
 + Level 3.3 Dodging


You had 6 spell levels left.
You didn't know any spells.
Your spell library was empty.

Dungeon Overview and Level Annotations

Branches:
Dungeon (3/15)

Altars:
Uskayaw
Yredelemnul


Innate Abilities, Weirdness & Mutations

You are resistant to torment.
Your stone body is resilient. (AC +4)
You are immune to poison.
You resist negative energy. (rN+)
You are resistant to electric shocks. (rElec)
You can survive without breathing.
You are immune to petrification.
You are immune to rotting.


Message History

* * * LOW HITPOINT WARNING * * *
The gnoll barely misses you. The gnoll hits you.
* * * LOW HITPOINT WARNING * * *
The gnoll closely misses you. The gnoll hits you but does no damage.
The gnoll barely misses you.
The gnoll shaman hits you with a +0 club.
* * * LOW HITPOINT WARNING * * *
The gnoll hits you but does no damage. x2
Things that are here:
a +0 whip; a +0 leather armour; a gnoll corpse Your skin crawls.
You feel resistant to hostile enchantments.
You are feeling very hungry.
The gnoll hits you.
* * * LOW HITPOINT WARNING * * *
The gnoll hits you but does no damage. The gnoll shaman closely misses you.
The gnoll barely misses you.
The gnoll hits you from afar with a +0 halberd.
You die...

##########''''#############.).#
........)#)...#.......[...#'###
......).)')...'...........')#
........)#....#...........#)#
###########################.#
..........+.#......#
......gg..#$#......#
......ggg)#(##'###.#
......g@g)#)#....#.#
#########'###....#(#
#........'....#+#
###############


You could see a gnoll shaman and 6 gnolls.

Vanquished Creatures
  A gnoll sergeant (D:3)
  3 gnoll shamans (D:3)
  An orc wizard (D:3)
  Terence (D:2)
  18 gnolls (D:3)
  4 adders
  A worm (D:3)
  A dart slug (D:2)
  2 leopard geckos
  3 orcs (D:3)
  6 giant cockroaches
  8 goblins
  7 hobgoblins
  8 jackals
  A quokka (D:3)
  7 bats
  6 frilled lizards
  6 kobolds
  4 rats
88 creatures vanquished.

Notes
Turn   | Place    | Note
-------+----------+-------------------------------------------
     0 | D:1      | Fang the Gargoyle Berserker began the quest for the Orb.
     0 | D:1      | Reached XP level 1. HP: 14/14 MP: 1/1
   112 | D:1      | Reached XP level 2. HP: 9/19 MP: 2/2
   528 | D:1      | Reached ** piety under Trog
   752 | D:1      | Reached XP level 3. HP: 24/24 MP: 3/3
  1127 | D:2      | Noticed Terence
  1149 | D:2      | Killed Terence
  1278 | D:2      | Reached XP level 4. HP: 27/29 MP: 4/4
  1327 | D:2      | Reached skill level 4 in Fighting
  1503 | D:2      | Found a hide-covered altar of Uskayaw.
  1504 | D:2      | Noticed a +0 hand axe
  1505 | D:2      | Noticed a +0 dagger
  1946 | D:3      | Reached XP level 5. HP: 25/33 MP: 5/5
  2146 | D:3      | Found a basalt altar of Yredelemnul.
  2551 | D:3      | Reached XP level 6. HP: 29/39 MP: 6/6
  2552 | D:3      | Reached *** piety under Trog
  3020 | D:3      | Reached skill level 5 in Fighting
  3026 | D:3      | Reached XP level 7. HP: 22/44 MP: 7/7
  3029 | D:3      | Slain by a gnoll

Skill      XL: |  1  2  3  4  5  6 |
---------------+-------------------+-----
Axes           | 3 4 |  4.2
Dodging        | 2 3 |  3.3
Armour         | 3 4 |  4.4
Fighting       | 4 5 |  5.2

Action                   |  1- 3 |  4- 6 |  7- 9 || total
-------------------------+-------+-------+-------++-------
Melee: Hand axe          |    93 |   244 |     1 ||   338
Invok: Berserk           |     2 |     5 |       ||     7
       Trog's Hand       |       |     1 |     1 ||     2
  Eat: Chunk             |     3 |    10 |       ||    13
Armor: Animal skin       |    15 |       |       ||    15
       Chain mail        |    52 |   201 |     6 ||   259
Dodge: Dodged            |    54 |   180 |     8 ||   242
